 Dungeon Crawl Stone Soup version 0.15.2 (webtiles) character file.

6993 mopl the Grappler (level 10, -3/94 HPs)
             Began as a Troll Death Knight on June 2, 2016.
             Was an Elder of Yredelemnul.
             Slain by a yak (17 damage)
             ... on Level 10 of the Dungeon.
             The game lasted 00:20:07 (8397 turns).

mopl the Grappler (Troll Death Knight)              Turns: 8397, Time: 00:20:09

HP  -3/94        AC  7     Str 23      XL: 10   Next: 81%
MP  15/21        EV 10     Int  7      God: Yredelemnul [****..]
Gold 688         SH  0     Dex 12      Spells:  0 memorised,  9 levels left

rFire  . . .     SeeInvis .       - Unarmed
rCold  . . .     Clarity  .     b - +0 robe (curse)
rNeg   . . .     rCorr    .     (shield restricted)
rPois  .         rRot     .     (helmet restricted)
rElec  .         Spirit   .     K - +1 cloak
SustAb .         Warding  .     (gloves unavailable)
rMut   .         Stasis   .     (boots unavailable)
Gourm  +                        (no amulet)
MR     .....                    Q - ring of magical power
                                L - +1 ring of evasion

@: not resistant to hostile enchantments, very unstealthy
A: unfitting armour, claws 3, fast metabolism 3, gourmand, regeneration 2,
saprovore 2, shaggy fur 1, tough skin 2
a: Animate Dead, Recall Undead Slaves, Injury Mirror, Drain Life, Renounce
Religion


You were on level 10 of the Dungeon.
You worshipped Yredelemnul.
Yredelemnul was greatly pleased with you.
You were very full.

You visited 2 branches of the dungeon, and saw 12 of its levels.
You visited the Abyss 1 time.

You collected 688 gold pieces.

Inventory:

Missiles
 j - 192 stones (quivered)
 u - 3 javelins
 H - 26 poisoned needles
 O - a throwing net
 S - 8 tomahawks
Armour
 b - a cursed +0 robe (worn)
 p - a +0 shield
 K - a +1 cloak (worn)
Magical devices
 o - a wand of flame (10)
 v - a wand of teleportation (0)
 x - a wand of enslavement (12)
 M - a wand of flame (8)
 Y - a wand of cold (7)
 Z - a wand of fire (3)
Comestibles
 w - 10 bread rations
Scrolls
 c - 4 scrolls of identify {unknown}
 d - 4 scrolls of recharging {unknown}
 f - 3 scrolls of teleportation {unknown}
 l - 7 scrolls of remove curse {unknown}
 q - 2 scrolls of immolation {unknown}
 r - 2 scrolls of enchant weapon {unknown}
 y - 4 scrolls of magic mapping {unknown}
 F - a scroll of fear {unknown}
 N - a scroll of torment {unknown}
 R - 2 scrolls of blinking {unknown}
 T - a scroll of amnesia {unknown}
 X - a scroll of summoning {unknown}
Jewellery
 B - an uncursed amulet of stasis
 L - a +1 ring of evasion (left claw)
 Q - a ring of magical power (right claw)
Potions
 e - 2 potions of invisibility {unknown}
 g - a potion of flight {unknown}
 h - 2 potions of heal wounds {unknown}
 i - 4 potions of curing {unknown}
 k - a potion of lignification {unknown}
 s - 2 potions of restore abilities {unknown}
 t - a potion of haste {unknown}
 A - a potion of might {unknown}
 D - 5 potions of poison {unknown}
 G - 3 potions of agility {unknown}
 W - a potion of brilliance {unknown}
Miscellaneous
 V - a lamp of fire


   Skills:
 + Level 4.3 Fighting
 + Level 3.8 Throwing
 - Level 1.2 Dodging
 + Level 3.7 Shields
 * Level 13.4 Unarmed Combat
 + Level 4.9 Invocations


You had 9 spell levels left.
You didn't know any spells.

Dungeon Overview and Level Annotations

Branches:
Dungeon (11/15)            Temple (0/1) D:5            Lair (1/8) D:9
    Orc: D:9-12

Altars:
Vehumet


Innate Abilities, Weirdness & Mutations

You are too large for most types of armour.
You have claws for hands.
Your metabolism is lightning-fast.
You like to eat raw meat.
You heal very quickly.
You can eat rotten meat.
You are covered in fur (AC +1).
You have very tough skin (AC +2).


Message History

The yak gores you!
* * * LOW HITPOINT WARNING * * *
The yak gores you!
* * * LOW HITPOINT WARNING * * *
Use which ability? (? or * to list)
You draw life from your surroundings.
You draw life from the yak.
The yak is lightly wounded.
You draw life from the yak.
The yak is lightly wounded.
You draw life from the yak.
The yak is heavily wounded.
You draw life from the yak.
The yak is lightly wounded.
You draw life from the yak.
The yak is lightly wounded.
You feel life flooding into your body.
You feel somewhat less full. The yak gores you!
You die...
Your body rises from the dead as a mindless zombie.

##.........##.# #.#####..#..# #..
##.####..#.##.# #.#####..#..###.#
...>..........# #.##............#
###.###.......# #.##.##..####.###
###.# ####.#### #.##.##.......#
.##.# #...# #.......####### .##.#
#...########...####### .##.#
#......YY##..........####
....#####...####@##.......##.....
.####..........YY##.....#.##.....
.[..............Y.......#........
).###............###.##.####.....
....#####...####.# #.##.####.....
..#.## #........# #.##......####
.....# #.#.###### #.#########
..#..# #...# #.# #.#..# ##.##
###.#### #####


You could see 5 yaks.

Vanquished Creatures
  Erolcha (D:8)
  A hill giant (D:8)
  A black mamba (Lair:1)
  A two-headed ogre (D:9)
  A spriggan (D:7)
  The ghost of magipi the Chopper, an average HOGl (D:4)
  A hippogriff (D:7)
  2 soldier ants (D:9)
  6 ice beasts
  A water moccasin (D:7)
  A necrophage (D:9)
  3 orc warriors
  A yellow wasp (D:9)
  A sky beast (D:7)
  2 black bears
  A phantom (D:9)
  4 ogres
  A crocodile (Lair:1)
  2 centaurs (D:8)
  Blork the orc (D:8)
  5 giant frogs
  A scorpion (D:7)
  14 killer bees
  5 crimson imps
  A giant frog zombie (D:7)
  3 wights (D:7)
  6 worker ants
  6 hounds
  6 orc wizards
  Natasha (thrice) (D:3)
  2 iguanas
  7 orc priests
  A statue (D:4)
  Terence (D:3)
  A mummy (D:8)
  9 adders
  4 gnolls (D:6)
  2 orc skeletons (D:9)
  A giant mite (D:2)
  An inept feature mimic (D:4)
  2 worms
  An adder skeleton (D:5)
  3 giant geckos
  An ooze (D:2)
  27 orcs
  11 bats
  20 goblins
  11 hobgoblins
  19 kobolds
  2 quokkas
  2 ball pythons
  5 giant cockroaches
  7 giant newts
  A kobold zombie (D:7)
  An orc zombie (D:8)
  18 rats
  A plant (D:7)
244 creatures vanquished.

Vanquished Creatures (collateral kills)
  The ghost of magipi the Cleaver, an experienced VSBe of Trog (D:9)
  An orc priest (D:4)
2 creatures vanquished.

Vanquished Creatures (others)
  A plant (D:9)
1 creature vanquished.

Grand Total: 247 creatures vanquished

Notes
Turn   | Place    | Note
--------------------------------------------------------------
     0 | D:1      | mopl, the Troll Death Knight, began the quest for the Orb.
     0 | D:1      | Reached XP level 1. HP: 19/19 MP: 1/1
   130 | D:1      | Reached XP level 2. HP: 27/27 MP: 1/1
   258 | D:1      | Reached skill level 3 in Unarmed Combat
   536 | D:1      | Reached XP level 3. HP: 33/33 MP: 3/3
   918 | D:2      | Reached skill level 4 in Unarmed Combat
  1130 | D:2      | Acquired Yredelemnul's second power
  1136 | D:2      | Reached XP level 4. HP: 41/41 MP: 3/3
  1624 | D:3      | Noticed Natasha
  1633 | D:3      | Killed Natasha
  1645 | D:3      | Noticed Natasha
  1656 | D:3      | Killed Natasha
  1656 | D:3      | Reached skill level 5 in Unarmed Combat
  1689 | D:3      | Noticed Natasha
  1778 | D:3      | Killed Natasha
  2040 | D:3      | Reached XP level 5. HP: 44/48 MP: 3/3
  2252 | D:3      | Noticed Terence
  2264 | D:3      | Killed Terence
  2388 | D:4      | Reached skill level 6 in Unarmed Combat
  2494 | D:4      | Got a crude cutlass
  2612 | D:4      | Reached XP level 6. HP: 45/55 MP: 5/5
  2678 | D:4      | Acquired Yredelemnul's third power
  2776 | D:4      | Noticed magipi's ghost (average HOGl)
  2809 | D:4      | Killed magipi's ghost
  2809 | D:4      | Reached skill level 7 in Unarmed Combat
  2864 | D:4      | Found a radiant altar of Vehumet.
  2959 | D:5      | Entered Level 5 of the Dungeon
  3131 | D:5      | Received a gift from Yredelemnul
  3335 | D:5      | Found a staircase to the Ecumenical Temple.
  3371 | D:5      | Reached XP level 7. HP: 42/62 MP: 5/5
  3510 | D:4      | Reached skill level 8 in Unarmed Combat
  3862 | D:6      | Reached skill level 9 in Unarmed Combat
  3919 | D:6      | Reached XP level 8. HP: 51/70 MP: 5/5
  3972 | D:6      | Reached skill level 10 in Unarmed Combat
  4561 | D:7      | Reached skill level 11 in Unarmed Combat
  5003 | D:7      | Received a gift from Yredelemnul
  5203 | D:7      | Acquired Yredelemnul's fourth power
  5226 | D:7      | Reached XP level 9. HP: 48/76 MP: 7/7
  5333 | D:7      | Reached skill level 12 in Unarmed Combat
  5337 | D:7      | Reached skill level 1 in Shields
  5557 | D:7      | Reached skill level 1 in Throwing
  5781 | D:8      | Noticed a hill giant
  5785 | D:8      | Killed a hill giant
  6089 | D:8      | Noticed Blork the orc
  6097 | D:8      | Killed Blork the orc
  6118 | D:8      | Noticed Erolcha
  6118 | D:8      | Cast into the Abyss (Erolcha)
  6150 | Abyss:1  | Noticed a starcursed mass
  6156 | Abyss:1  | Noticed an eidolon
  6173 | D:8      | Escaped the Abyss
  6178 | D:8      | Killed Erolcha
  6178 | D:8      | Reached XP level 10. HP: 59/91 MP: 10/10
  6967 | D:9      | Found a staircase to the Lair.
  7211 | D:9      | Noticed magipi's ghost (experienced VSBe)
  7224 | D:9      | Killed magipi's ghost
  7224 | D:9      | Reached skill level 13 in Unarmed Combat
  7545 | Lair:1   | Entered Level 1 of the Lair of Beasts
  7545 | Lair:1   | Noticed a black mamba
  7550 | Lair:1   | Killed a black mamba
  7786 | D:10     | Entered Level 10 of the Dungeon
  8396 | D:10     | HP: 4/94 [yak (14)]
  8397 | D:10     | Slain by a yak

Action                   |  1- 3 |  4- 6 |  7- 9 | 10-12 || total
-------------------------+-------+-------+-------+-------++-------
Melee: Unarmed           |    97 |   183 |   307 |   169 ||   756
Throw: Stone             |       |     5 |     7 |     7 ||    19
Invok: Recall Undead Sla |       |       |       |     1 ||     1
       Drain Life        |       |       |       |     1 ||     1
Evoke: Wand              |       |     3 |       |     6 ||     9
  Eat: Chunk             |    15 |    20 |    27 |    19 ||    81
